 Dungeon Crawl Stone Soup version 0.29.1-2-gbd0b4ee654 (webtiles) character file.

Game seed: 10423115113495956245

421 GorkyZ the Trooper (level 6, -1/53 HPs)
             Began as a Hill Orc Fighter on Nov 14, 2022.
             Killed by divine providence
             ... invoked by an orc priest
              (11 damage)
             ... on level 3 of the Dungeon.
             The game lasted 00:12:37 (3413 turns).

GorkyZ the Trooper (Hill Orc Fighter)               Turns: 3413, Time: 00:12:37

Health: -1/53      AC: 13    Str: 27    XL:     6   Next: 94%
Magic:  6/6        EV:  7    Int:  8    God:
Gold:   224        SH:  4    Dex: 10    Spells: 5/5 levels left

rFire   x . .      SeeInvis .   B - +2 rapier (drain)
rCold   + . .      Faith    .   c - +0 buckler
rNeg    . . .      Spirit   .   y - +0 plate armour
rPois   .          Reflect  .   (no helmet)
rElec   .          Harm     .   (no cloak)
rCorr   .          Rampage  .   u - +0 pair of gloves
Will    .....                   (no boots)
Stlth   ..........              (no amulet)
HPRegen 0.17/turn               i - ring of ice
MPRegen 0.10/turn               l - +6 ring of strength

@: no status effects
A: no striking features
a: Convert to Beogh


You were on level 3 of the Dungeon.
You visited 1 branch of the dungeon, and saw 5 of its levels.

You collected 224 gold pieces.

Inventory:

Hand Weapons
 a - a +0 flail
 h - a +1 dagger of protection
 B - a +2 rapier of draining (weapon)
Armour
 b - a +0 scale mail
 c - a +0 buckler (worn)
 q - a +2 scale mail of poison resistance
 u - a +0 pair of gloves (worn)
 y - a +0 plate armour (worn)
Jewellery
 i - a ring of ice (left hand)
 l - a +6 ring of strength (right hand)
 m - a ring of flight
 n - a ring of ice
 D - a ring of positive energy
Wands
 v - a wand of flame (6)
Scrolls
 f - 4 scrolls of identify {unknown}
 o - 2 scrolls of immolation {unknown}
 p - 3 scrolls of noise {unknown}
 r - 2 scrolls of teleportation {unknown}
 x - a scroll of magic mapping {unknown}
 C - a scroll of butterflies {unknown}
Potions
 d - a potion of might
 e - 2 potions of ambrosia {unknown}
 g - 2 potions of brilliance {unknown}
 j - 2 potions of curing {unknown}
 k - 3 potions of mutation {unknown}
 s - a potion of heal wounds {unknown}
 t - a potion of haste {unknown}
 w - 2 potions of degeneration {unknown}
 z - a potion of flight {unknown}
 A - a potion of lignification {unknown}


   Skills:
 + Level 4.7 Fighting
 + Level 3.8 Short Blades
 + Level 2.3 Maces & Flails
 + Level 4.7 Armour
 + Level 1.6 Dodging
 + Level 0.2 Stealth
 + Level 4.4 Shields


You had 5 spell levels left.
You didn't know any spells.
Your spell library contained the following spells:

 Spells                   Type           Power      Damage    Failure   Level
 Foxfire                  Conj/Fire      0%         2x1d4     100%        1
 Conjure Flame            Conj/Fire      0%         6-21      100%        3
 Inner Flame              Hex/Fire       0%         N/A       100%        3
 Flame Wave               Conj/Fire      0%         2d4       100%        4


Dungeon Overview and Level Annotations

Branches:
Dungeon (5/15)
 Temple: D:4-7

Altars:
Yredelemnul
Beogh


Message History

The orc priest shouts! x2; The orc wizard shouts!
You hear a shout!
The orc priest mumbles some strange prayers to Beogh against you.
Beogh smites you!
The orc wizard gestures at you while chanting.
The puff of flame hits you but does no damage.
An orc priest comes into view. It is wielding a +0 short sword.
Found 54 gold pieces.
Found a roughly hewn altar of Beogh.
The orc priest mumbles some strange prayers to Beogh against you.
Beogh smites you!
The orc priest invokes the aid of Beogh against you.
Pain shoots through your body!
The orc priest casts a cantrip, but nothing happens.
The orc wizard gestures wildly while chanting.
The orc wizard flickers and vanishes!
Deactivating autopickup; reactivate with Ctrl-A.
The orc priest begins to cast a cantrip, but forgets the words!
The orc priest shouts!
The orc priest invokes the aid of Beogh against you.
Beogh smites you!
* * * LOW HITPOINT WARNING * * *
You are too injured to fight recklessly!
You are too injured to fight recklessly!
You are too injured to fight recklessly!
You are too injured to fight recklessly!
You are too injured to fight recklessly!
You are too injured to fight recklessly!
You are too injured to fight recklessly!
You are too injured to fight recklessly!
You are too injured to fight recklessly!
You are too injured to fight recklessly!
You are too injured to fight recklessly!
You are too injured to fight recklessly!
You are too injured to fight recklessly!
You are too injured to fight recklessly!
You are too injured to fight recklessly!
You hit the orc priest.
The orc priest is moderately wounded.
The orc priest invokes the aid of Beogh against you.
Beogh smites you!
You die...

#.# #...........#..# #.# #.## #.#
#.###....##.##.# #.# #.## #.# #.#
##.#[##.##.#####.####.#. #.####.#
#.#.##.##........##...# #...##.#
##.#.#...#..####.......#
###.##.###.....###...####.###...#
#.##.##......# #........# ##.#.
#.##.#.....#.###...###### #...
#.##.........o@.#..# ###.
#.##....<.##o####..# ##
#.###....##.. #..# #
#........#$8. ##..# #
#######..#$$o #...# # ##.#.8o
###.############ #.##.o
##............... ..###
#....############ ## ######


You could see 2 orc priests.

Vanquished Creatures
  A water moccasin (D:5)
  2 ice beasts (D:5)
  A hound (D:5)
  An orc wizard (D:3)
  2 dart slugs (D:1)
  4 orcs
  3 ball pythons
  3 endoplasms
  3 giant cockroaches
  5 goblins
  8 hobgoblins
  8 jackals
  8 kobolds
  3 quokkas
  5 bats
  2 frilled lizards
  3 rats
62 creatures vanquished.

Notes
Turn   | Place    | Note
-------+----------+-------------------------------------------
     0 | D:1      | GorkyZ the Hill Orc Fighter began the quest for the Orb.
     0 | D:1      | Reached XP level 1. HP: 19/19 MP: 1/1
   191 | D:1      | Reached XP level 2. HP: 9/27 MP: 2/2
   701 | D:1      | Reached XP level 3. HP: 32/33 MP: 3/3
  1815 | D:3      | You fall into a shaft and drop 2 floors!
  1815 | D:5      | Entered Level 5 of the Dungeon
  1871 | D:5      | Reached skill level 1 in Short Blades
  1871 | D:5      | Reached XP level 4. HP: 41/41 MP: 4/4
  1885 | D:5      | Noticed an ice beast
  1927 | D:5      | Killed an ice beast
  1928 | D:5      | Reached skill level 1 in Dodging
  1928 | D:5      | Reached XP level 5. HP: 30/47 MP: 5/5
  2157 | D:5      | Noticed a water moccasin
  2186 | D:5      | Killed a water moccasin
  2187 | D:5      | Reached XP level 6. HP: 26/53 MP: 6/6
  2349 | D:5      | Noticed an ice beast
  2393 | D:5      | Killed an ice beast
  3302 | D:3      | Found a basalt altar of Yredelemnul.
  3405 | D:3      | Found a roughly hewn altar of Beogh.
  3413 | D:3      | Killed from afar by an orc priest

Illustrated notes

Levels and vault maps discovered:
D:1:      sevenhm_arrival_forest_fort_large_4, layout_basic,
          chequers_mini_garden, hangedman_decor_clover_reticule
D:2:      layout_rooms
D:3:      layout_loops_ring, lemuel_coloured_pillars_altar, old_standard_altar,
          kennysheep_orc_chapel
D:4:      layout_loops_corners, cheibrodos_worm_habitat,
          grunt_temple_overflow_open, minmay_temple_entry_ruins,
          ebering_ghost_rock_garden, grunt_ministairs_4, minmay_rat_hole,
          uniq_sigmund
D:5:      layout_basic, nemelex_dance_club_becter

Skill      XL: |  1  2  3  4  5 |
---------------+----------------+-----
Fighting       | 4 |  4.7
Short Blades   | 1 2 3 |  3.8
Armour         | 4 |  4.7
Dodging        | 1 |  1.6
Shields        | 4 |  4.4
Maces & Flails | |  2.3
Stealth        | |  0.2

Action                   |  1- 3 |  4- 6 || total
-------------------------+-------+-------++-------
Melee: Flail             |    26 |       ||    26
       Dagger            |   190 |   125 ||   315
       Rapier            |       |    51 ||    51
Armor: Scale mail        |   131 |    50 ||   181
       Plate armour      |       |    25 ||    25
Dodge: Dodged            |   110 |    61 ||   171
Block: Buckler           |    52 |    20 ||    72
